 Dungeon Crawl Stone Soup version 0.22-a0-282-gdd34a7d (webtiles) character file.

1040 Amnesiac the Conjurer (level 8, 0/48 HPs)
             Began as a Tengu Wizard on Mar 17, 2018.
             Engulfed by a cloud of noxious fumes (1 damage)
             ... on level 5 of the Dungeon.
             The game lasted 00:05:38 (4687 turns).

Amnesiac the Conjurer (Tengu Wizard)                Turns: 4687, Time: 00:05:38

Health: 0/48       AC:  2    Str:  8    XL:     8   Next: 24%
Magic:  8/14       EV: 14    Int: 20    God:
Gold:   195        SH:  5    Dex: 13    Spells: 3/14 levels left

rFire    . . .     SeeInvis .   p - +2 whip (elec)
rCold    . . .     Gourm    .   g - +0 buckler
rNeg     . . .     Faith    .   a - +0 robe
rPois    .         Spirit   .   b - +0 hat
rElec    .         Reflect  .   (no cloak)
rCorr    .         Harm     .   (no gloves)
MR       .....                  (boots unavailable)
Stlth    ++........             (no amulet)
HPRegen  0.16/turn              h - ring of flight
MPRegen  0.14/turn              (no ring)

@: very slightly contaminated, hasted, very quick
A: beak, talons 3, able to fly 1
a: Fly, Evoke Flight


You were on level 5 of the Dungeon.
You were hungry.

You visited 1 branch of the dungeon, and saw 5 of its levels.

You collected 195 gold pieces.

Inventory:

Hand Weapons
 p - a +2 whip of electrocution (weapon)
Armour
 a - a +0 robe (worn)
 b - a +0 hat (worn)
 g - a +0 buckler (worn)
Jewellery
 h - a ring of flight (left hand)
Scrolls
 f - 8 scrolls of identify {!r, unknown}
 j - 4 scrolls of remove curse {!r, unknown}
 k - 2 scrolls of amnesia {!r, unknown}
 m - 4 scrolls of teleportation {!r, unknown}
 n - a scroll of immolation {!r, unknown}
 o - 2 scrolls of magic mapping {!r, unknown}
 q - a scroll of fear {!r, unknown}
 r - 2 scrolls of enchant armour {!r, unknown}
 s - 2 scrolls of fog {!r, unknown}
Potions
 c - 2 potions of haste {!q}
 e - a potion of degeneration {!q, unknown}
 i - a potion of magic {!q, unknown}
 l - a potion of curing {!q, unknown}
 t - a potion of heal wounds {!q, unknown}
 u - a potion of invisibility {!q, unknown}
Comestibles
 d - 15 rations


   Skills:
 - Level 4.3 Fighting
 - Level 4.8 Dodging
 - Level 2.0 Stealth
 + Level 3.3 Shields
 - Level 3.9 Spellcasting
 - Level 7.0 Conjurations
 - Level 1.2 Summonings
 - Level 0.7 Translocations


You had 3 spell levels left.
You knew the following spells:

 Your Spells              Type           Power        Failure   Level  Hunger
a - Magic Dart            Conj           ####         1%          1    None
b - Call Imp              Summ           #.......     13%         2    ##.....
e - Mephitic Cloud        Conj/Pois/Air  ##......     16%         3    ###....
s - Conjure Flame         Conj/Fire      ###.....     10%         3    ###....
v - Blink                 Tloc           N/A          16%         2    ##.....


Dungeon Overview and Level Annotations

Branches:
Dungeon (5/15)
 Temple: D:4-7

Altars:
Fedhas
Kikubaaqudgha
Makhleb
Wu Jian

Annotations:
D:2 2 transporters


Innate Abilities, Weirdness & Mutations

You have a beak for a mouth.
You have claws for feet.
You can fly.


Message History

You open the door.
Found a dagger.
There is an open door here.
No target in view!
s - 2 scrolls labeled TUTERO NIATY {!r} (gained 1)
u - a puce potion {!q} No target in view!
No target in view!
Found a stone staircase leading up.
No target in view!
Found an escape hatch in the floor.
No target in view!
A centaur comes into view.
A centaur is nearby!
A centaur is nearby!
The centaur shouts!
The centaur wields a shortbow.
The centaur shoots an arrow.
The arrow barely misses you.
You see here an arrow.
The centaur shoots an arrow.
The arrow hits you!
The centaur shoots an arrow.
The arrow completely misses you.
You see here an arrow.
The centaur unwields an uncursed shortbow.
The centaur hits you.
You barely miss the centaur. The centaur barely misses you.
The centaur hits you.
You barely miss the centaur. The centaur hits you.
You are feeling hungry.
You hit the centaur. You peck the centaur.
The centaur is lightly wounded.
The centaur hits you!
* * * LOW HITPOINT WARNING * * *
The centaur barely misses you.
You barely miss the centaur.
The centaur is lightly wounded.
The centaur hits you!
* * * LOW HITPOINT WARNING * * *
You are too injured to fight recklessly!
You are too injured to fight recklessly!
You are too injured to fight recklessly!
Casting: Magic Dart (safe; 1% risk of failure)
Confirm with . or Enter, or press ? or * to list all spells.
Aiming: Mephitic Cloud (safe; 16% risk of failure)
Press: ? - help, Shift-Dir - straight line, f - centaur
Aim: a centaur (lightly wounded) That beam is likely to hit you.
Continue anyway?
You miscast Mephitic Cloud.
You are very lightly contaminated with residual magic.
Nothing appears to happen.
The centaur hits you!
* * * LOW HITPOINT WARNING * * *
The centaur barely misses you.
Really quaff
c - 3 fizzy green potions {!q}?
It was a potion of haste {!q}.
You feel yourself speed up. The centaur barely misses you.
Casting: Mephitic Cloud (safe; 16% risk of failure)
Confirm with . or Enter, or press ? or * to list all spells.
Aiming: Mephitic Cloud (safe; 16% risk of failure)
Press: ? - help, Shift-Dir - straight line, f/p - centaur
Aim: a centaur (lightly wounded) That beam is likely to hit you.
Continue anyway?
The ball explodes into a vile cloud!
The stinking cloud engulfs the centaur.
The centaur is lightly wounded.
The stinking cloud engulfs you!
You are engulfed in noxious fumes.
You die...

.........####...###.#
#.......## #..<##
##.....## #....#
##...## #..#.# ##'##
#..#.# # #.#
#..#.##.# #.#
#...(>..# ##.##
####(####
##...######## #@#
#.............c.#
##...############
#..## ###..# .....#
####.# #.# #.#


You could see a centaur.

Vanquished Creatures
  Sigmund (D:2)
  Menkaure (D:5)
  An orc warrior (D:3)
  A phantom (D:4)
  An ogre (D:5)
  A scorpion (D:4)
  A howler monkey (D:3)
  A hound (D:2)
  2 orc wizards (D:3)
  An orc priest (D:3)
  Natasha (thrice) (D:3)
  An iguana (D:3)
  2 worker ants
  5 adders
  An ooze (D:2)
  2 adder skeletons (D:4)
  4 worms
  A dart slug (D:1)
  4 leopard geckos
  9 orcs
  A ball python (D:1)
  10 bats
  9 giant cockroaches
  11 goblins
  6 hobgoblins
  5 kobolds
  A quokka (D:2)
  5 frilled lizards
  13 rats
104 creatures vanquished.

Notes
Turn   | Place    | Note
-------+----------+-------------------------------------------
     0 | D:1      | Amnesiac the Tengu Wizard began the quest for the Orb.
     0 | D:1      | Reached XP level 1. HP: 10/10 MP: 5/5
    97 | D:1      | Reached skill level 2 in Conjurations
   143 | D:1      | Reached XP level 2. HP: 16/16 MP: 0/7
   331 | D:1      | Reached skill level 1 in Fighting
   354 | D:1      | Learned a level 2 spell: Call Imp
   527 | D:1      | Reached skill level 3 in Conjurations
   548 | D:1      | Reached XP level 3. HP: 19/20 MP: 0/8
   553 | D:1      | Learned a level 3 spell: Mephitic Cloud
  1259 | D:2      | Found a transporter.
  1259 | D:2      | Noticed a bullfrog
  1260 | D:2      | Found an ornate altar of the Wu Jian Council.
  1261 | D:2      | Noticed an ogre
  1342 | D:2      | Reached skill level 4 in Conjurations
  1486 | D:2      | Found a transporter.
  1488 | D:2      | Reached XP level 4. HP: 26/26 MP: 3/9
  1493 | D:2      | Learned a level 3 spell: Conjure Flame
  1639 | D:2      | Noticed Sigmund
  1667 | D:2      | Killed Sigmund
  1667 | D:2      | Reached skill level 7 in Conjurations
  1667 | D:2      | Gained mutation: You can fly. [Tengu growth]
  1667 | D:2      | Reached XP level 5. HP: 21/30 MP: 2/10
  1667 | D:2      | Reached XP level 6. HP: 25/35 MP: 2/11
  1671 | D:2      | Learned a level 2 spell: Blink
  1744 | D:2      | Found an ancient bone altar of Kikubaaqudgha.
  1745 | D:2      | Found a blossoming altar of Fedhas.
  1867 | D:2      | Found a burning altar of Makhleb.
  2000 | D:3      | Noticed Natasha
  2010 | D:3      | Killed Natasha
  2091 | D:3      | Noticed Natasha
  2112 | D:3      | Killed Natasha
  2504 | D:3      | Reached XP level 7. HP: 36/41 MP: 13/13
  2506 | D:3      | Noticed Natasha
  2513 | D:3      | Killed Natasha
  4211 | D:5      | Entered Level 5 of the Dungeon
  4259 | D:5      | Reached skill level 1 in Shields
  4259 | D:5      | Reached XP level 8. HP: 48/48 MP: 7/14
  4315 | D:5      | Noticed Menkaure
  4325 | D:5      | Killed Menkaure
  4685 | D:5      | HP: 1/48 [centaur (8)]
  4687 | D:5      | Engulfed by a cloud of noxious fumes

Vault maps used:
D:1:      dpeg_arrival_brainrot, minmay_unequal
D:2:      grunt_temple_overflow_growth_and_decay,
          gammafunk_temple_overflow_arena, makhleb_blood_cavern_becter,
          uniq_sigmund
D:3:      first_ration, uniq_natasha
D:4:      hangedman_abyss_or_decor_stabs, serial_bayou_pond_a
D:5:      lemuel_doored_altar, uniq_grinder, uniq_menkaure, uniq_blork_the_orc,
          uniq_edmund

Skill      XL: |  1  2  3  4  5  6  7  8 |
---------------+-------------------------+-----
Conjurations   | 2 3 4 7 |  7.0
Fighting       | 1 3 4 |  4.3
Dodging        | 3 4 |  4.8
Shields        | 1 3 |  3.3
Stealth        | |  2.0
Spellcasting   | |  3.9
Summonings     | |  1.2
Translocations | |  0.7

Action                   |  1- 3 |  4- 6 |  7- 9 || total
-------------------------+-------+-------+-------++-------
Melee: Unarmed           |     6 |       |       ||     6
       Kick              |     1 |     9 |    17 ||    27
       Whip              |       |    49 |    93 ||   142
       Peck              |       |     4 |    18 ||    22
 Cast: Magic Dart        |    88 |    24 |    15 ||   127
       Mephitic Cloud    |       |     6 |    11 ||    17
       Conjure Flame     |       |       |     3 ||     3
  Use: Potion            |       |       |     1 ||     1
 Stab: Confused          |       |     3 |     4 ||     7
       Distracted        |       |     1 |       ||     1
  Eat: Chunk             |     2 |     3 |     8 ||    13
Armor: Robe              |     7 |     3 |     5 ||    15
Dodge: Dodged            |    11 |    22 |    55 ||    88
Block: Buckler           |       |       |     1 ||     1

Table legend:
 A = Spawn XP
 B = Non-spawn XP
 C = Spawn XP percentage of total XP
 D = Spawn monster count
 E = Non-spawn monster count
 F = Spawn count percentage of total count
 G = Total turns spent on level
                    A         B        C        D         E        F      G
               +---------+---------+-------+---------+---------+-------+---------
         Total |       0 |    1486 |   0.0 |       0 |     104 |   0.0 |  4687
               +---------+---------+-------+---------+---------+-------+---------
           D:1 |       0 |      52 |   0.0 |       0 |      28 |   0.0 |  1181
           D:2 |       0 |     322 |   0.0 |       0 |      24 |   0.0 |   726
           D:3 |       0 |     539 |   0.0 |       0 |      33 |   0.0 |  1392
           D:4 |       0 |     253 |   0.0 |       0 |      15 |   0.0 |   912
           D:5 |       0 |     320 |   0.0 |       0 |       4 |   0.0 |   476
               +---------+---------+-------+---------+---------+-------+---------
